 Dungeon Crawl Stone Soup version 0.15-a0-1224-g3833f9c (webtiles) character file.

225 Bnni the Shield-Bearer (level 5, 0/41 HPs)
             Began as a Demonspawn Fighter on June 2, 2014.
             Slain by an orc wizard
             ... wielding a +0,+0 dagger
              (1 damage)
             ... on Level 4 of the Dungeon.
             The game lasted 00:09:18 (2907 turns).

Bnni the Shield-Bearer (Demonspawn Fighter)         Turns: 2907, Time: 00:09:19

HP   0/41        AC  9     Str 22      XL: 5   Next: 68%
MP   0/14        EV  5     Int  9      God:
Gold 90          SH 21     Dex 13      Spells:  0 memorised,  4 levels left

rFire  . . .     SeeInvis .     a - +0 long sword
rCold  . . .     Clarity  .     l - +0 chain mail
rNeg   . . .     rCorr    .     c - +0 shield
rPois  .         rRot     .     (no helmet)
rElec  .         Spirit   +     (no cloak)
SustAb .         Warding  .     (no gloves)
rMut   .         Stasis   .     (no boots)
Gourm  +                        g - amulet of the gourmand
MR     .....                    (no ring)
                                y - ring of magical power

@: mighty, not resistant to hostile enchantments, extremely unstealthy
A: icy blue scales 1, magic shield
a: no special abilities


You were on level 4 of the Dungeon.
You were very full.

You visited 1 branch of the dungeon, and saw 4 of its levels.

You collected 90 gold pieces.

Inventory:

Hand weapons
 a - a +0,+0 long sword (weapon)
 x - a +0 blowgun
Missiles
 u - 26 poisoned needles
Armour
 c - a +0 shield (worn)
 l - a +0 chain mail (worn)
Magical devices
 h - a wand of confusion (0)
Comestibles
 d - 2 bread rations
 v - 2 slices of pizza
 w - a meat ration
Scrolls
 b - a scroll of amnesia {unknown}
 f - a scroll of fog {unknown}
 i - 2 scrolls of immolation {unknown}
 j - 2 scrolls of identify {unknown}
 k - 2 scrolls of teleportation {unknown}
 n - a scroll of random uselessness {unknown}
 o - a scroll of enchant weapon II {unknown}
 p - a scroll of fear {unknown}
 q - a scroll of noise {unknown}
 s - 3 scrolls of remove curse {unknown}
Jewellery
 g - an amulet of the gourmand (around neck)
 y - a ring of magical power (left hand)
Potions
 e - a potion of might
 m - 3 potions of heal wounds {unknown}
 r - a potion of haste {unknown}
 t - 3 potions of curing {unknown}


   Skills:
 + Level 3.6 Fighting
 * Level 1.9 Long Blades
 - Level 2.6 Armour
 - Level 5.5 Shields


You had 4 spell levels left.
You didn't know any spells.

Dungeon Overview and Level Annotations

Branches:
Dungeon (4/15)
 Temple: D:4-7

Altars:
Elyvilon


Innate Abilities, Weirdness & Mutations

You are partially covered in icy blue scales (AC +1).
When hurt, damage is shared between your health and your magic reserves.


Message History

Something hits you but does no damage.
Drink which item? (? for menu, Esc to quit)
You feel very mighty all of a sudden.
The orc priest calls down the wrath of Beogh upon you.
Something smites you!
* * * LOW HITPOINT WARNING * * *
You block the orc's attack. Something hits you but does no damage.
You slash the orc!
You kill the orc!
Something hits you but does no damage.
The orc priest hits you but does no damage.
Your shield and chain mail prevent you from hitting the orc priest.
Something completely misses you. The orc priest barely misses you.
Your shield and chain mail prevent you from hitting the orc priest.
Something hits you but does no damage.
The orc priest invokes the aid of Beogh against you.
Something smites you!
* * * LOW HITPOINT WARNING * * *
Something hits you.
You die...

##.##############.#
#...........# #.#
#..########.# #.# #..#
...# #.#####.#
#..#.##.###.......######
...........o.o...........
###.#.##)################
#.# #o### ####.# #@..#
#..#.# ###.# #..#.# ..#.#
#.#..#.# #.#.# #.#..#.#
#.#.# .. # ##.#..#.##
#.#'####...
#.#........###..........#
#>......................+
#.#.....................#


You could see an orc priest.

Vanquished Creatures
  Sigmund (D:4)
  Ijyb (D:2)
  2 adders
  A giant mite (D:2)
  A worm (D:4)
  4 giant geckos
  3 oozes
  6 orcs
  A ball python (D:2)
  2 giant cockroaches
  13 goblins
  10 hobgoblins
  9 jackals
  A quokka (D:2)
  10 bats
  6 giant newts
  11 kobolds
  6 rats
88 creatures vanquished.

Notes
Turn   | Place    | Note
--------------------------------------------------------------
     0 | D:1      | Bnni, the Demonspawn Fighter, began the quest for the Orb.
     0 | D:1      | Reached XP level 1. HP: 18/18 MP: 1/1
   118 | D:1      | Gained mutation: When hurt, damage is shared between your health and your magic reserves. [demonic ancestry]
   118 | D:1      | Reached XP level 2. HP: 20/24 MP: 2/2
   707 | D:1      | Gained mutation: You are partially covered in icy blue scales (AC +1). [demonic ancestry]
   707 | D:1      | Reached XP level 3. HP: 24/29 MP: 3/3
  1215 | D:2      | Noticed Ijyb
  1250 | D:2      | Killed Ijyb
  1250 | D:2      | Reached skill level 4 in Shields
  1250 | D:2      | Reached XP level 4. HP: 26/36 MP: 2/4
  1835 | D:3      | Found a white marble altar of Elyvilon.
  2391 | D:4      | Reached XP level 5. HP: 33/41 MP: 5/5
  2475 | D:4      | Noticed Sigmund
  2571 | D:4      | Killed Sigmund
  2571 | D:4      | Reached skill level 5 in Shields
  2907 | D:4      | HP: 1/41 [orc priest/divine providence (7)]
  2907 | D:4      | Slain by an orc wizard

Action                   |  1- 3 |  4- 6 || total
-------------------------+-------+-------++-------
Melee: Long sword        |   152 |   233 ||   385
       Dagger            |    71 |       ||    71
 Fire: Blowgun           |       |    39 ||    39
  Use: Potion            |       |     1 ||     1
